[Event "Chinese League Div-A Rapid 2022"]
[Site "Fuling,Chongqing"]
[Date "2022.09.11"]
[Round "5.10"]
[White "Guo, Weibao"]
[Black "Guo, Qi"]
[Result "0-1"]
[ECO "D04"]
[WhiteElo "1907"]
[BlackElo "2406"]
[Annotator "TA"]
[PlyCount "114"]
[EventDate "2022.09.07"]
[EventType "team-tourn"]
[EventCountry "CHN"]
[SourceTitle "playchess.com"]
[Source "ChessBase"]
[SourceQuality "1"]
[TimeControl "1500+10"]

1. d4 d5 2. Nf3 Nf6 3. e3 c5 4. b3 Bg4 5. Nbd2 Nc6 6. Bb2 cxd4 7. exd4 e6 8. Bd3 Bd6 9. O-O Qc7 {[%emt 0:00:02][%cal Od6h2] D04: Colle System.} 10. h3 Bh5 11. a3 O-O {[%emt 0:00:10][%cal Od6h2] Black has an edge.} 12. c4 Rad8 13. c5 Bf4 14. Qc2 {[%emt 0:01:09] [#]} a5 $146 {[%emt 0:01:33] Prevents b4.} ({Predecessor:} 14... e5 15. dxe5 Nxe5 16. Nxe5 Bxe5 17. b4 Rfe8 18. Rfe1 b6 19. Nb3 Ne4 20. Bxe5 Rxe5 21. cxb6 Qxb6 {1-0 (40) Haussernot,C (2188)-Koseoglu,O (1733) Marmaris 2022}) 15. Rfe1 b6 16. Rad1 (16. g3 $11 Bxd2 17. Nxd2) 16... bxc5 17. Qxc5 Qb7 18. Qb5 Qa8 19. g4 Rb8 20. Qa4 Bg6 21. Bxg6 hxg6 22. Ne5 (22. Rc1 $17 Rfc8 23. Rc3) 22... Rfc8 (22... Nxe5 $19 23. dxe5 Bxd2 24. exf6 Bxe1 25. Rxe1 d4 26. fxg7 Rfc8 27. Bxd4 Qf3 28. Qxa5 Qxh3) 23. Ndf3 (23. Nd3 $17 g5 24. Nxf4 gxf4 25. g5) 23... Nxe5 $19 24. Nxe5 Ne4 {[%emt 0:01:25] Hoping for ...Rc2.} 25. Nd3 Bd2 26. Re2 Bc3 27. Bc1 Qc6 ({Black should play} 27... Qa7 $19 28. Bf4 {[#]} Bxd4 $1 29. Bxb8 Rxb8) 28. Qxc6 (28. Be3 $17) 28... Rxc6 29. Ne5 (29. b4 {might work better.}) 29... Rcc8 30. b4 axb4 31. axb4 {[%emt 0:00:01] [#]} Bxd4 32. Rxd4 Rxc1+ 33. Kg2 Rbc8 (33... g5 $19 {Threatens to win with ...f6.} 34. Nd7 Ra8) 34. Rd3 Rb1 35. f3 Nd6 36. Rd4 (36. h4 $142) 36... g5 37. Ra2 Nb5 38. Rd3 Rxb4 {[%emt 0:00:05] White must now prevent ...f6.} 39. Kg3 $2 (39. Rdd2) 39... f6 40. Nd7 Rc7 41. Ra8+ (41. Nb6 $142) 41... Kf7 42. Nb6 Nc3 43. Nc8 (43. Rc8 $142 Rxc8 44. Nxc8 Ne2+ 45. Kf2) 43... Ne2+ 44. Kf2 Nf4 45. Rd2 {[%emt 0:00:05] Inhibits Rc2.} Nxh3+ 46. Kg3 Nf4 {[%emt 0:00:09] Strongly threatening ...Kg6.} 47. Nd6+ Kg6 {[%emt 0:00:13] ...Rc1 is the strong threat.} 48. Ne8 Re7 49. Nd6 Rb1 {[%emt 0:00:02] aiming for ...Rc7.} 50. Kh2 Rc7 51. Raa2 Rcc1 {[%emt 0:00:08] ( -> ...Rh1+)} 52. Kg3 Rg1+ 53. Kf2 Rg2+ (53... d4 $142 54. Rxd4 Rg2+ 55. Ke3 Re1+ 56. Re2 Rgxe2#) 54. Ke3 {[%emt 0:00:01] Black is clearly winning.} Rb3+ 55. Kd4 Rxd2+ 56. Rxd2 Rxf3 57. Nb5 Rg3 {[%emt 0:00:04] Weighted Error Value: White=0.74/Black=0.33} 0-1

[Event "Chinese League Div-A Rapid 2022"]
[Site "Fuling,Chongqing"]
[Date "2022.09.11"]
[Round "5.11"]
[White "Ding, Liren"]
[Black "Wang, Hao B"]
[Result "1-0"]
[ECO "B90"]
[WhiteElo "2808"]
[BlackElo "2165"]
[Annotator "TA"]
[PlyCount "71"]
[EventDate "2022.09.07"]
[EventType "team-tourn"]
[EventCountry "CHN"]
[SourceTitle "playchess.com"]
[Source "ChessBase"]
[SourceQuality "1"]
[TimeControl "1500+10"]

1. e4 c5 2. Nf3 d6 3. d4 cxd4 4. Nxd4 Nf6 5. Nc3 a6 6. h3 Nc6 7. g4 {[%emt 0:00:02][%cal Bg2g4,Bg4g5][%mdl 32] B90: Sicilian Najdorf: Unusual White 6th moves, 6 Be3 Ng4 and 6 Be3 e5.} e6 8. g5 Nd7 9. Be3 {[%emt 0:00:03] White is slightly better.} Be7 10. h4 Qc7 (10... O-O $14) 11. h5 b5 12. Nxc6 Qxc6 13. Qd4 Rg8 {[%emt 0:03:39][%cal Oh7h6] [#]} 14. O-O-O $146 ({Predecessor:} 14. a4 b4 15. Qxb4 Rb8 16. Qc4 Qa8 17. Rb1 Ne5 18. Qe2 Qc6 19. Bd2 Rb4 20. Rh3 {1-0 (39) Zhang,P (2360)-Wang,P (2380) Beijing 1997}) 14... Rb8 15. Kb1 b4 16. Ne2 Nc5 17. f3 e5 18. Qd2 Be6 19. Nc1 a5 20. Nb3 a4 21. Nxc5 dxc5 22. Qh2 f6 23. Bh3 c4 24. Bxe6 Qxe6 25. h6 $1 g6 26. gxf6 $1 {[%emt 0:00:08] White is more active.} Bxf6 (26... Qxf6 $16 {was necessary.} 27. Rd5 Kf7) 27. Bc5 $1 $18 {[%emt 0:00:40] aiming for Rd6.} Kf7 28. Rd6 Qc8 {[%emt 0:00:02] [#]} 29. Bd4 Re8 $2 {[%emt 0:00:25][%mdl 8192] [#]} (29... exd4 $2 30. Qf4 Qd8 31. Rxd8 Rgxd8 32. e5 $18) (29... Rb5 $1 $11) 30. Rxf6+ $1 {[%emt 0:00:10][%mdl 512] White is clearly winning.} Kxf6 31. Qf4+ $1 Ke7 32. Qxe5+ ({Less strong is} 32. Bxe5 Rb6 $14) 32... Qe6 {[%emt 0:00:19] Strongly threatening ...Qxe5.} 33. Qg7+ (33. Qc7+ Qd7 34. Qe5+ Qe6 $18) 33... Kd6 34. Rd1 Kc6 {[%emt 0:00:06] And now ...Rb7 would win.} 35. Qa7 {[%emt 0:00:02] Intending Bf2 and mate.} Kb5 (35... Qd6 $142 36. Rd2 (36. Qxa4+ Kb7 $18) 36... Red8) 36. Be3 {[%emt 0:00:51] Weighted Error Value: White=0.11 (very precise) /Black=0.34} 1-0

[Event "Chinese League Div-A Rapid 2022"]
[Site "Fuling,Chongqing"]
[Date "2022.09.11"]
[Round "5.12"]
[White "Lu, Shanglei"]
[Black "Pang, Tao"]
[Result "1-0"]
[ECO "C02"]
[WhiteElo "2616"]
[BlackElo "2427"]
[Annotator "TA"]
[PlyCount "83"]
[EventDate "2022.09.07"]
[EventType "team-tourn"]
[EventCountry "CHN"]
[SourceTitle "playchess.com"]
[Source "ChessBase"]
[SourceQuality "1"]
[TimeControl "1500+10"]

1. e4 e6 2. d4 d5 3. e5 c5 4. c3 Bd7 5. Nf3 Qb6 6. Be2 cxd4 7. cxd4 Bb5 8. Nc3 Bxe2 9. Qxe2 Nc6 10. O-O Nge7 {[%emt 0:00:27] C02: French: Advance Variation.} (10... Nxd4 $2 11. Nxd4 a6 12. Be3 $18) 11. Qd3 Qd8 {[%emt 0:00:44] [#]} 12. a3 $146 ({Predecessor:} 12. Bg5 h6 13. Nb5 hxg5 14. Nd6+ Kd7 15. Nxf7 Qe8 16. Nxh8 Qh5 17. Rac1 g4 18. Nd2 {½-½ (33) Hendriks,W (2378)-Peng,Z (2403) Amsterdam 2000}) 12... Nf5 {[%emt 0:00:27] The position is equal.} 13. b4 Be7 14. Ra2 O-O 15. g4 Nh4 16. Nxh4 Bxh4 17. f4 f6 18. b5 Na5 19. exf6 Bxf6 20. g5 Be7 21. Re2 $36 {[%emt 0:00:50][%mdl 2048] White has some pressure.} Qd7 22. Qe3 Rae8 (22... Rac8 $11 {keeps the balance.}) 23. Qxe6+ $16 Qxe6 24. Rxe6 {[%emt 0:00:01] [#] aiming for Rfe1.} Nb3 (24... Kf7 $16 {was necessary.} 25. Rfe1 Bd6 26. Rxe8 Rxe8 27. Rxe8 Kxe8) 25. Nxd5 $18 Nxc1 $2 {[%emt 0:01:38] Loses the game.} (25... Bd8 $16 {is more resistant.} 26. Rxe8 Rxe8) 26. Nxe7+ Kf7 27. Rfe1 Nd3 28. R1e3 g6 29. Rf6+ Kg7 30. Rxf8 (30. Rxd3 Rxe7 31. Rxf8 Kxf8 $18) 30... Kxf8 31. Nxg6+ ({Not} 31. Rxd3 Rxe7 32. Kf2 Rd7 $18) 31... hxg6 32. Rxd3 {[%emt 0:00:02][%mdl 4096] [#] Endgame Strongly threatening d5. KR-KR} Re2 33. Rc3 Rd2 34. Rc8+ Ke7 35. Rc7+ Ke6 36. Rxb7 Kf5 37. Rxa7 Ke4 38. Rc7 Rb2 39. a4 Rb4 40. f5 Kxf5 41. a5 Kxg5 42. a6 {[%emt 0:00:17] Weighted Error Value: White=0.08 (flawless) /Black=0.61} 1-0

[Event "Chinese League Div-A Rapid 2022"]
[Site "Fuling,Chongqing"]
[Date "2022.09.11"]
[Round "5.13"]
[White "Chen, Yuan"]
[Black "Ma, Zhonghan"]
[Result "0-1"]
[ECO "B02"]
[WhiteElo "2138"]
[BlackElo "2485"]
[Annotator "TA"]
[PlyCount "200"]
[EventDate "2022.09.07"]
[EventType "team-tourn"]
[EventCountry "CHN"]
[SourceTitle "playchess.com"]
[Source "ChessBase"]
[SourceQuality "1"]
[TimeControl "1500+10"]

1. e4 d5 2. exd5 Nf6 3. d4 Nxd5 4. Nf3 g6 5. Nc3 Nxc3 6. bxc3 Bg7 7. Bc4 O-O 8. O-O c5 9. Bg5 {[%emt 0:02:39] B02: Alekhine's Defence: Chase Variation and lines with early Nc3.} Qc7 10. Qe2 cxd4 11. cxd4 {[%emt 0:03:03] [#] Black is slightly better.} Nc6 $146 ({Predecessor:} 11... Bg4 12. Rad1 Bxf3 13. gxf3 Re8 14. Bb3 Nc6 15. Qe4 e5 16. d5 Nd4 17. d6 Qd7 {1-0 (42) Engl,H (2030)-Pleyer,F (1950) Bayern 2002}) 12. c3 Bg4 13. Bd5 e6 14. Be4 h6 15. Bd2 e5 (15... f5 {is interesting.} 16. Bxc6 Qxc6 17. Rfe1 Bxf3 18. Qxf3 Qxf3 19. gxf3 Rae8) 16. h3 Bxf3 17. Qxf3 exd4 18. Bxc6 (18. Bf4 {keeps more tension.} Qc8 19. Bxc6 Qxc6 20. Qxc6 bxc6 21. cxd4 Rad8 22. Rad1) 18... Qxc6 19. Qxc6 bxc6 20. cxd4 c5 21. dxc5 {[%emt 0:05:39] And now Rac1 would win.} Bxa1 22. Rxa1 $15 {[%emt 0:00:01][%mdl 4096] Endgame KRR-KRB} g5 23. Rc1 Rac8 24. h4 Rfd8 25. Be3 f6 26. hxg5 ({Wrong is} 26. c6 $2 Rd6 27. c7 Rd7 28. hxg5 hxg5 $19) 26... hxg5 27. g4 ({Don't blunder} 27. c6 $2 Rd6 28. c7 Rd7 $19) (27. Rc4 $142) 27... Rc6 28. Kg2 Kf7 29. Rb1 ({Better is} 29. Rc4) 29... Rc7 (29... Ra6 $142 30. Rb2 Ra4) 30. Kf3 Rd3 31. Rh1 {[%emt 0:00:39] Hoping for Rh7+.} Kg6 {[%emt 0:00:18] Inhibits Rh7.} (31... Ke6 $19 32. Rc1 Kd5) 32. Rc1 $17 Ra3 33. Rc2 (33. Ke4 $17) 33... Kf7 $19 34. Ke4 Ke6 35. Rd2 Rc6 {[%emt 0:00:08] Against Rd6+} 36. Rb2 (36. Rc2 $142) 36... Ra4+ 37. Kf3 Rca6 38. Rb7 Rxa2 39. c6 Rxc6 40. Bxa7 (40. Rxa7 Rxa7 41. Bxa7) 40... Ra4 $2 (40... Rc4 41. Be3 Raa4) 41. Be3 $2 (41. Rb6 Rxb6 42. Bxb6) 41... Rcc4 42. Rb6+ Kf7 43. Rb7+ Kg6 44. Rb6 Rxg4 45. Ke2 Rgc4 46. Kf3 Rab4 47. Rd6 Rb5 48. Kg3 Re5 49. Bd4 Rf5 50. Be3 Re4 51. Bd4 Kf7 {[%emt 0:00:11] Strongly threatening ...Ke7.} 52. Be3 Re6 53. Rd7+ Kg6 54. Rd8 Rb5 55. Rg8+ Kf5 56. Rd8 Rb3 {[%emt 0:00:07] Against Rd3} 57. Rd5+ Re5 58. Rd6 Rbxe3+ 59. fxe3 Rxe3+ {[%emt 0:00:01] KR-KR} 60. Kf2 Ra3 61. Rb6 g4 62. Kg2 Kg5 63. Rb5+ f5 64. Rc5 Rd3 65. Ra5 Re3 66. Kf2 Rd3 67. Kg2 $1 Kf4 68. Ra4+ Ke5 69. Ra5+ Ke4 70. Ra8 Rd5 71. Kg3 Rd3+ (71... Rc5 $19 72. Re8+ Re5) 72. Kg2 Kf4 73. Ra4+ Kg5 74. Ra5 Re3 75. Kf2 $1 Re4 76. Kg3 Kf6 77. Ra6+ Re6 78. Ra5 Re3+ 79. Kg2 f4 80. Kf2 Re5 81. Ra8 Kf5 82. Rf8+ Ke4 83. Rg8 g3+ 84. Kg2 Ke3 85. Ra8 Ke4 $2 (85... Re6 {mates} 86. Rf8 Ke4 87. Rh8 Kf5 88. Rf8+ Kg5 89. Rb8 Kf5 90. Kf1 Re3 91. Rg8 Ra3 92. Ke2 f3+ 93. Kd1 g2 94. Kc2 f2 95. Rf8+ Ke6 96. Re8+ Kf7 97. Rb8 f1=Q 98. Rb7+ Ke6 99. Rb6+ Kd5 100. Rd6+ Kxd6 101. Kb2 Qa1+ 102. Kc2 Qa2+ 103. Kd1 g1=Q#) 86. Rb8 $2 (86. Rg8 $11 Rb5 87. Re8+ Kf5 88. Rf8+ Kg4 89. Rg8+ Rg5 90. Rb8 f3+ 91. Kf1 Ra5 92. Rg8+ Kf4 93. Rf8+ Ke4 94. Re8+ Kd5 95. Rd8+ Ke6 96. Ke1 Ra1+ 97. Kd2 f2 98. Re8+ Kf7 99. Rh8 f1=Q 100. Rh7+ Kg6 101. Re7 Qd1+ 102. Kc3 Rc1+ 103. Kb2 Qc2+ 104. Ka3 Ra1+ 105. Kb4 Rb1+ 106. Ka5 Qa2#) 86... Rc5 (86... Rd5 $142 87. Re8+ Kf5 88. Kh3 Rd1 89. Rf8+ Ke4 90. Kg4 g2 91. Re8+ Kd3 92. Kf5 g1=Q 93. Re5 f3 94. Re6 Qc5+ 95. Re5 Kd4 $1 96. Rxc5 Kxc5 97. Kg4 f2 98. Kg5 f1=Q 99. Kg4 Rd3 100. Kh4 Qg2 101. Kh5 Rh3#) 87. Re8+ Re5 $2 ({Black should try} 87... Kd3 $1 $19 {( -> ...Rc2+)} 88. Kf3 Rc1 89. Rd8+ Kc3 90. Rc8+ Kd2 91. Rd8+ Ke1) 88. Ra8 $2 (88. Rg8 $11 Rc5 89. Re8+ Kf5 90. Kh3) 88... Kf5 {[%emt 0:00:09] Black mates.} 89. Rf8+ {[%emt 0:00:34] [#]} Kg4 $1 90. Rg8+ {[%emt 0:00:02] [#]} Rg5 $1 91. Rf8 Rg7 92. Rf6 Rc7 93. Rg6+ Kf5 94. Rg8 Rc2+ 95. Kg1 Ke4 96. Ra8 Kf3 97. Ra3+ Kg4 98. Ra1 Kh3 99. Rf1 f3 100. Rd1 f2+ {[%emt 0:00:04] Weighted Error Value: White=0.35/Black=0.19 (very precise)} 0-1

[Event "Chinese League Div-A Rapid 2022"]
[Site "Fuling,Chongqing"]
[Date "2022.09.11"]
[Round "5.14"]
[White "Sun, Fanghui"]
[Black "Zhu, Jiner"]
[Result "0-1"]
[ECO "C78"]
[WhiteElo "2182"]
[BlackElo "2464"]
[Annotator "TA"]
[PlyCount "82"]
[EventDate "2022.09.07"]
[EventType "team-tourn"]
[EventCountry "CHN"]
[SourceTitle "playchess.com"]
[Source "ChessBase"]
[SourceQuality "1"]
[TimeControl "1500+10"]

1. e4 e5 2. Nf3 Nc6 3. Bb5 a6 4. Ba4 Nf6 5. O-O Bc5 6. Bxc6 dxc6 (6... bxc6 7. Nxe5 Nxe4 8. Qe2 $16 (8. Qf3 Ng5 $11)) 7. Nxe5 {[%emt 0:00:20] C78: Ruy Lopez: Archangelsk and Möller Defences.} Nxe4 8. Qe2 Qd5 9. Nd3 {[%emt 0:01:14] Hoping for Nc3. The position is equal.} O-O 10. Nxc5 Nxc5 11. Nc3 Qf5 12. d3 Ne6 13. Be3 c5 {[%emt 0:00:15] [#]} 14. Qd2 $146 ({Predecessor:} 14. f3 b6 15. Qf2 Bb7 16. a3 Qh5 17. b4 f5 18. f4 Rf6 19. bxc5 Rg6 20. g3 bxc5 {1-0 (41) Anagnostopoulos,D (2456)-Sahl,B (2406) Port Erin 1999}) 14... b6 15. Ne2 Rd8 16. f4 f6 17. Ng3 Qd5 18. f5 Nd4 19. Qf2 Bb7 20. c3 Nc6 21. Nh5 Kh8 22. Qg3 Rd7 23. Rf4 (23. Qh3 $15) 23... Ne5 ({Better is} 23... Qxd3 {And now ...Qe2 would win.} 24. Raf1 Re8) 24. Rh4 $2 (24. d4 $17 Nc4 25. dxc5) 24... Qxd3 $19 25. Qh3 {[%emt 0:00:59] [#]} (25. Rf1) 25... Nc4 $2 (25... Nf3+ $1 $19 {[%mdl 512] is more deadly.} 26. gxf3 Qxe3+ 27. Kf1 Rad8) 26. Re1 $17 Nxe3 {[%emt 0:00:21] Black is more active.} (26... Nxb2 $2 27. Nf4 h6 28. Nxd3 $18) 27. Nf4 $2 {[%emt 0:02:04] [#]} (27. Qxe3 $17 Qxe3+ 28. Rxe3) 27... Qxf5 $1 $19 28. Qxe3 {[%emt 0:00:15][%cal Oe3e8] White wants to mate with Qe8+!} (28. Rxe3 Qb1+) 28... g5 29. Nh5 {[%emt 0:00:02][%cal Oe3e8] Intending Qe8+! and mate.} Qg6 {[%emt 0:00:07] Inhibits Qe8+.} (29... gxh4 $2 30. Qe8+ $3 Rxe8 31. Rxe8#) 30. Rh3 Rad8 (30... Qc2 $2 {[#]} 31. Qe8+ $3 Rxe8 32. Rxe8#) 31. Qe6 Rd2 32. Rg3 R2d6 33. Qe2 Bc6 {[%emt 0:00:19] Threatens to win with ...Re8.} ({Not} 33... Rd2 $2 34. Qe7 Rd1 35. Nf4 Rxe1+ 36. Qxe1 $19) 34. Nf4 Qf5 35. Nh5 Qg6 {[%emt 0:00:46] Strongly threatening ...Re8.} ({Wrong is} 35... Rd2 $2 36. Qf1 Qxf1+ 37. Rxf1) 36. Nf4 $1 Qf5 37. Nh5 $1 Rd2 38. Qf1 Qxf1+ 39. Rxf1 Rd1 ({Don't blunder} 39... Rxb2 $2 40. h3 $19) 40. Nxf6 (40. b3) 40... Rxf1+ 41. Kxf1 Rf8 {[%emt 0:00:06] Weighted Error Value: White=0.54/Black=0.52} 0-1

[Event "Chinese League Div-A Rapid 2022"]
[Site "Fuling,Chongqing"]
[Date "2022.09.11"]
[Round "5.15"]
[White "Shao, Qiyu"]
[Black "Bai, Xue"]
[Result "0-1"]
[ECO "A09"]
[WhiteElo "1467"]
[BlackElo "2123"]
[Annotator "NA RC"]
[PlyCount "85"]
[EventDate "2022.09.07"]
[EventType "team-tourn"]
[EventCountry "CHN"]
[SourceTitle "playchess.com"]
[Source "ChessBase"]
[SourceQuality "1"]
[TimeControl "1500+10"]

1. c4 e6 2. g3 d5 3. Bg2 Nf6 4. Nf3 d4 5. d3 c5 6. O-O Nc6 7. a3 Be7 8. Bf4 Bd6 9. Bxd6 Qxd6 10. Nbd2 e5 11. Ng5 O-O 12. f4 Ng4 13. Qb3 Ne3 14. Rf2 exf4 15. Rxf4 Nxg2 16. Kxg2 Qe7 17. Nde4 f5 18. Raf1 h6 19. Nh3 Bd7 20. Nd2 Ne5 21. Kg1 g5 22. R4f2 Bc6 23. Rxf5 Rxf5 24. Rxf5 Qe6 25. Rxe5 Qxe5 26. Qd1 Qe3+ 27. Nf2 Rf8 28. Qe1 Rxf2 29. Qxf2 Qxd2 30. Qf6 Qe1+ 31. Qf1 Qxf1+ 32. Kxf1 Kf7 33. Kf2 Kf6 34. e3 Ke5 35. b4 cxb4 36. axb4 Ba4 37. Ke2 Bd7 38. Kd2 a6 39. Ke2 b6 40. Kd2 a5 41. c5 bxc5 42. bxa5 Bb5 43. h4 0-1

[Event "Chinese League Div-A Rapid 2022"]
[Site "Fuling,Chongqing"]
[Date "2022.09.11"]
[Round "5.16"]
[White "Xu, Xiangyu"]
[Black "Bu, Xiangzhi"]
[Result "1/2-1/2"]
[ECO "E49"]
[WhiteElo "2571"]
[BlackElo "2709"]
[Annotator "TA"]
[PlyCount "88"]
[EventDate "2022.09.07"]
[EventType "team-tourn"]
[EventCountry "CHN"]
[SourceTitle "playchess.com"]
[Source "ChessBase"]
[SourceQuality "1"]
[TimeControl "1500+10"]

1. d4 Nf6 2. c4 e6 3. Nc3 Bb4 4. e3 O-O 5. Bd3 d5 6. a3 Bxc3+ 7. bxc3 dxc4 8. Bxc4 c5 9. Ne2 Qc7 10. Bd3 b6 11. O-O e5 {[%emt 0:01:02] E49: Nimzo-Indian: Rubinstein: 5 Bd3 d5 6 a3 Bxc3+ 7 bxc3.} (11... c4 12. Bc2 $14) (11... Nc6 $11 {was preferrable.}) 12. e4 $14 Bb7 {[%emt 0:01:00] [#]} 13. d5 $146 ({Predecessor:} 13. dxe5 Ng4 14. f4 Rd8 15. Ng3 c4 16. Qxg4 cxd3 17. Nh5 Qc5+ 18. Kh1 Qf8 19. Bd2 {½-½ (41) Di Benedetto,E (2401)-Albornoz Cabrera,C (2581) New Delhi 2019}) 13... c4 {[%emt 0:00:04] White is better.} 14. Bc2 Nbd7 15. f4 Nc5 16. fxe5 (16. Ng3 $1 $16) 16... Qxe5 17. Bf4 Qe7 ({Black should try} 17... Qh5) 18. Ng3 $1 $16 (18. d6 $6 Qe8 $11) 18... Nfxe4 (18... Ncxe4 $2 19. Nf5 Qd7 20. Bxe4) (18... Nd3) 19. Nf5 $18 (19. Qh5 g6 20. Qe2 Bxd5 21. Bxe4 Nxe4 22. Nxe4 Bxe4 23. Qxc4 Rac8 $17) 19... Qf6 20. Be3 {[%emt 0:00:02] This bishop pair is nice.} Nxc3 21. Qg4 $40 {[%emt 0:00:02][%mdl 128] Black needs to defend precisely.} ({White has to play} 21. Qh5 $18 {[%cal Of5e7] White wants to mate with Ne7+!} g6 22. Nh6+ Kg7 23. Qg4) 21... Bc8 $1 $14 22. Rae1 {[%emt 0:00:02] White is more active.} (22. Qxc4 $14 Ba6 23. Qg4) 22... Bxf5 $4 (22... Nxd5 $11 23. Bxc5 bxc5) 23. Rxf5 $18 Qg6 {[%emt 0:00:01] [#]} (23... Qe7 $142) 24. Rg5 $1 h5 {[%emt 0:00:16] [#]} 25. Qd4 $1 Nb5 {[%emt 0:00:06] [#] ...Qxg5 is the strong threat.} (25... Qh6 26. Qxc3) 26. Qd1 $2 (26. Qh4 $1 $18 {and White stays clearly on top.} Qxg5 (26... Nd3 27. Rxg6) 27. Bxg5) 26... Nc3 $16 27. Qd4 Nb5 $18 {[%emt 0:00:01] Strongly threatening ...Qxg5.} 28. Qxc4 Nd6 {[%emt 0:01:28] [#]} 29. Qe2 ({Weaker is} 29. Bxg6 Nxc4 30. Bxc5 (30. Bxh5 Rae8 $15) 30... bxc5 31. Bxh5 Nd6 $15) (29. Qd4 $1 Nb5 30. Qb2 (30. Bxg6 Nxd4 31. Bxd4 fxg6 $16)) 29... Qf6 {[%emt 0:00:06] [#]} 30. Bxc5 bxc5 $14 31. Qxh5 {[%emt 0:00:08][%csl Gc2][%cal Rh5h7] Dancing on a razor blade.} Qd4+ 32. Kh1 f5 $1 33. Bxf5 Nxf5 34. Rxf5 Rxf5 35. Qxf5 $11 {[%emt 0:00:01][%mdl 4096] Endgame KQR-KQR} Rf8 $1 36. Qe6+ Kh7 37. Qh3+ Kg8 38. Qe6+ Kh7 $1 39. h3 Rf6 40. Qe4+ Qxe4 41. Rxe4 Rf1+ 42. Kh2 Rd1 43. Ra4 Rxd5 44. Rxa7 c4 {[%emt 0:00:02] Black escapes into a draw.  Weighted Error Value: White=0.79/Black=0.37} 1/2-1/2

[Event "Chinese League Div-A Rapid 2022"]
[Site "Fuling,Chongqing"]
[Date "2022.09.11"]
[Round "5.17"]
[White "Li, Di"]
[Black "Zeng, Chongsheng"]
[Result "1-0"]
[ECO "D38"]
[WhiteElo "2575"]
[BlackElo "2597"]
[Annotator "TA"]
[PlyCount "89"]
[EventDate "2022.09.07"]
[EventType "team-tourn"]
[EventCountry "CHN"]
[SourceTitle "playchess.com"]
[Source "ChessBase"]
[SourceQuality "1"]
[TimeControl "1500+10"]

1. c4 Nf6 2. Nc3 e6 3. Nf3 d5 4. d4 Bb4 5. Bg5 h6 6. Bxf6 Qxf6 7. Qb3 c5 8. cxd5 exd5 9. a3 Bxc3+ 10. Qxc3 c4 {[%emt 0:00:17] D38: Queen's Gambit Declined: Ragozin Defence (4 Nf3 Bb4).} 11. b3 Be6 12. bxc4 dxc4 {[%emt 0:00:49] The position is equal.} 13. e4 O-O 14. Be2 (14. Bxc4 $2 Rc8 15. O-O Nd7 $19) 14... Nc6 15. Rc1 $1 {[%emt 0:00:04][%cal Ba1c1,Bc1c3,Bc3e3][%mdl 32] And now d5 would win.} (15. Bxc4 Nxd4 $1 16. Qxd4 (16. Nxd4 Rac8 $17) 16... Qxd4 17. Nxd4 Bxc4 $11) 15... Bg4 16. d5 {[%emt 0:00:07] aiming for Qxf6.} Qxc3+ 17. Rxc3 {[%emt 0:00:04] [#]} Bxf3 $146 ({Predecessor:} 17... Na5 18. Nd4 Rfe8 19. Re3 Bd7 20. Kd2 Rac8 21. Kc3 Rc5 22. Rb1 b6 23. Rb4 Rec8 {1-0 (37) Li,D (2459)-Cornette,M (2602) Fornebu 2017}) 18. gxf3 Na5 19. Kd2 $36 {[%emt 0:00:47][%mdl 2048] White is more active.} ({Don't blunder} 19. Bxc4 $2 Rfc8 20. a4 Nxc4 $19) 19... b5 20. f4 Rad8 21. f5 Rfe8 22. Re3 Nb3+ (22... Nb7 $11) 23. Kc3 $16 {[%emt 0:00:05] Rd1 is the strong threat.} Nc5 24. Kd4 Nb3+ {[%emt 0:00:29] [#]} (24... Nb7 $16) 25. Rxb3 $1 $18 cxb3 {[%emt 0:00:01][%mdl 4096] Endgame KRR-KRB} 26. Rb1 a6 27. Rxb3 Rc8 28. Bd3 {[%emt 0:00:18][%mdl 1024] Against Rc2. White has strong compensation.} Rc1 29. e5 Rec8 $2 {[%emt 0:00:24] Black cannot hold the game after this.} (29... Rb8 $16 {was worth a try.}) 30. d6 Kf8 31. a4 ({But not} 31. d7 $2 Rd8 32. e6 Ke7 $17) 31... bxa4 32. Ra3 f6 $2 (32... Rh1 33. Rxa4 Ra8) 33. f4 fxe5+ 34. fxe5 Rg1 (34... Rd1 $142 35. Rxa4 Rb8) 35. Rxa4 Rg4+ 36. Be4 Rc1 37. e6 a5 38. Rxa5 {[%emt 0:02:05] White mates.} Rd1+ 39. Ke5 Rxe4+ 40. Kxe4 Rxd6 {[%emt 0:00:01] KR-KR} 41. Ra8+ Ke7 42. Ra7+ Kf8 43. Rf7+ Kg8 44. Rd7 Ra6 45. Rd8+ {[%emt 0:00:02] Weighted Error Value: White=0.04 (flawless) /Black=0.42} 1-0

[Event "Chinese League Div-A Rapid 2022"]
[Site "Fuling,Chongqing"]
[Date "2022.09.11"]
[Round "5.18"]
[White "Zhao, Yuanhe"]
[Black "Liu, Yan"]
[Result "1/2-1/2"]
[ECO "A30"]
[WhiteElo "2440"]
[BlackElo "2530"]
[Annotator "TA"]
[PlyCount "37"]
[EventDate "2022.09.07"]
[EventType "team-tourn"]
[EventCountry "CHN"]
[SourceTitle "playchess.com"]
[Source "ChessBase"]
[SourceQuality "1"]
[TimeControl "1500+10"]

1. Nf3 Nf6 2. c4 b6 3. b3 Bb7 4. Bb2 g6 5. e3 Bg7 6. Be2 c5 7. O-O O-O 8. d4 cxd4 9. Nxd4 Nc6 10. Nd2 Nxd4 11. Bxd4 {[%emt 0:00:02] The position is equal.} d5 {[%emt 0:00:59] A30: Symmetrical English: Double Fianchetto and Hedgehog.} 12. Rc1 dxc4 13. Nxc4 Rc8 ({Don't play} 13... Qd5 14. Bf3 Ne4 15. Nd2 $16) 14. Bf3 Bxf3 15. Qxf3 Qd5 {[%emt 0:00:08] [#]} 16. Qxd5 $146 ({Predecessor:} 16. Rfd1 Qxf3 17. gxf3 Rc7 {½-½ (18) Hort,V (2595)-Uhlmann,W (2510) Sarajevo 1980}) 16... Nxd5 17. Bxg7 Kxg7 18. Rfd1 Rfd8 19. a4 {[%emt 0:03:30] Not much happened in this game.  Weighted Error Value: White=0.06 (flawless) /Black=0.04 (flawless)} 1/2-1/2